 Dungeon Crawl Stone Soup version 0.18.1-48-g4cf74bf (webtiles) character file.

6568 Metae the Blocker (level 10, -4/89 (90) HPs)
             Began as a Minotaur Fighter on July 4, 2016.
             Was a Priest of the Shining One.
             Slain by a hill giant
             ... wielding a +0 giant spiked club
              (23 damage)
             ... on level 8 of the Dungeon.
             The game lasted 00:47:20 (6663 turns).

Metae the Blocker (Minotaur Fighter)                Turns: 6663, Time: 00:47:20

HP:   -4/89 (90)    AC: 16    Str: 21    XL:     10   Next: 70%
MP:   7/7           EV:  9    Int:  5    God:    the Shining One [***...]
Gold: 280           SH: 15    Dex: 13    Spells: 0 memorised, 9 levels left

rFire  . . .     SeeInvis .     b - +4 trident (antimagic)
rCold  . . .     Gourm    .     o - +0 chain mail
rNeg   + . .     Faith    .     c - +0 shield
rPois  +         Spirit   .     (helmet restricted)
rElec  .         Dismiss  .     O - +0 cloak {rPois}
rCorr  .         Reflect  +     M - +1 pair of gloves
SustAt .         Harm     .     e - +0 pair of boots
MR     .....                    F - +3 amulet of reflection
Stlth  ..........               (no ring)
                                C - ring of magical power

@: glowing, not resistant to hostile enchantments, extremely unstealthy
A: retaliatory headbutt, horns 2
a: Divine Shield, Renounce Religion


You were on level 8 of the Dungeon.
You worshipped the Shining One.
The Shining One was most pleased with you.
You were hungry.

You visited 1 branch of the dungeon, and saw 8 of its levels.

You collected 450 gold pieces.
You spent 170 gold pieces at shops.

Inventory:

Hand Weapons
 a - a +0 trident
 b - a +4 antimagic trident (weapon)
 P - a +0 mace of crushing
Armour
 c - a +0 shield (worn)
 e - a +0 pair of boots (worn)
 o - a +0 chain mail (worn)
 M - a +1 pair of gloves (worn)
 O - a +0 cloak of poison resistance (worn)
Magical Staves
 y - an uncursed staff of energy {unknown}
Rods
 l - a +1 rod of inaccuracy (12/12)
   (You found it on level 4 of the Dungeon)
Jewellery
 C - a ring of magical power (left hand)
 F - a +3 amulet of reflection (around neck)
 G - an uncursed amulet of the gourmand
 K - an uncursed amulet of dismissal
 X - an uncursed amulet of faith
Wands
 u - a wand of disintegration (9/24)
 N - a wand of paralysis (8/24)
 R - a wand of slowing (21/48)
 S - a wand of teleportation (5/9)
Scrolls
 k - a scroll of recharging
 m - a scroll of magic mapping {unknown}
 p - 2 scrolls of teleportation
 q - a scroll of remove curse
 r - 2 scrolls of fear
 s - a scroll of enchant armour {unknown}
 t - 3 scrolls of blinking
 w - 3 scrolls of enchant weapon
 D - a scroll of amnesia {unknown}
 E - 5 scrolls of identify
 H - a scroll of random uselessness {unknown}
 L - 3 scrolls of brand weapon {unknown}
 T - a scroll of silence {unknown}
 U - a scroll of immolation {unknown}
 W - a scroll of noise {unknown}
 Z - a scroll of fog {unknown}
Potions
 d - a potion of might
 i - 4 potions of haste
 j - a potion of cure mutation {unknown}
 n - a potion of degeneration {unknown}
 v - a potion of invisibility {unknown}
 z - a potion of resistance {unknown}
 A - 2 potions of agility
 B - a potion of curing {unknown}
 I - a potion of flight {unknown}
 J - a potion of cancellation
 Y - a potion of lignification {unknown}
Books
 Q - a book of Dreams

   Spells                             Type                      Level
   a - Ensorcelled Hibernation        Hexes/Ice                    2
   b - Silence                        Hexes/Air                    5
   c - Darkness                       Hexes                        6
   d - Shadow Creatures               Summoning                    6
Comestibles
 f - 2 bread rations
 g - a beef jerky
 h - 45 fruits
 x - 4 meat rations
 V - 16 chunks of flesh


   Skills:
 * Level 8.9 Fighting
 + Level 6.0 Polearms
 * Level 9.1 Armour
 + Level 5.5 Dodging
 + Level 4.6 Stealth
 * Level 9.5 Shields
 + Level 4.2 Invocations
 + Level 4.2 Evocations


You had 9 spell levels left.
You didn't know any spells.

Dungeon Overview and Level Annotations

Branches:
Dungeon (8/15)             Temple (0/1) D:6
   Lair: D:8-11

Altars:
Cheibriados
Fedhas
Gozag
Okawaru
Qazlal
Ru
Vehumet
Yredelemnul
Zin
The Shining One

Shops:
D:4 }*=:


Innate Abilities, Weirdness & Mutations

You reflexively headbutt those who attack you in melee.
You have a pair of horns on your head.


Message History

The orc warrior is moderately wounded.
You block the hill giant's attack.
The orc warrior hits you with a short sword.
* * * LOW HITPOINT WARNING * * *
Your shield prevents you from hitting the orc warrior.
Your headbutt misses the orc warrior.
The orc warrior is moderately wounded.
The hill giant closely misses you. You furiously retaliate!
You headbutt the hill giant!
The orc warrior hits you but does no damage.
Your shield and chain mail prevent you from hitting the orc warrior.
The orc warrior is moderately wounded.
You block the orc warrior's attack. You block the hill giant's attack.
You hit the orc warrior. You headbutt the orc warrior!
The orc warrior is severely wounded.
You block the orc warrior's attack.
You hit the orc warrior.
The orc warrior is almost dead.
The hill giant hits you with a giant spiked club!!
You die...

...##.####o.##.##).######
...#(.o)....##.##.......#
####.o####..##.##...###.#
####.........#.##.....#.#
.......####..#.##..#....#
.......# ...#.##.......#
....o..# .....#..#.....#
.......# #...#o#<....)#
.......+ ...#@#....#.#
.......# #C#....#.#
.......# #.#.#..#.#
######## #.#.#..#
#.#.#..# #.#<...#
#.#.#.## #.#....#
######.######.#


You could see a hill giant and an orc warrior.

Vanquished Creatures
  Pikel (D:5)
  A slime creature (D:7)
  A hippogriff (D:7)
  Eustachio (D:6)
  15 wargs (D:8)
  A water moccasin (D:8)
  3 orc warriors
  A black bear (D:7)
  A slave (D:5)
  5 necrophages (D:7)
  2 phantoms
  An eye of draining (D:8)
  4 ogres
  2 centaurs
  A giant frog (D:6)
  3 scorpions
  A crimson imp (D:6)
  9 jellies
  A giant frog zombie (D:8)
  2 centaur zombies
  6 orc priests
  Crazy Yiuf (D:5)
  4 hounds
  3 iguanas (D:5)
  7 orc wizards
  2 giant frog skeletons
  3 worker ants
  A worker ant zombie (D:7)
  Robin (D:4)
  3 gnolls (D:6)
  9 adders
  A shadow imp (D:5)
  16 oozes
  An adder skeleton (D:5)
  An adder zombie (D:6)
  4 worms
  A dart slug (D:1)
  6 giant geckos
  42 orcs
  9 bats
  9 giant cockroaches
  22 goblins
  10 hobgoblins
  10 jackals
  8 kobolds
  2 quokkas
  2 ball pythons (D:2)
  A giant cockroach zombie (D:6)
  2 giant gecko skeletons
  A giant gecko zombie (D:5)
  6 giant newts
  A jackal skeleton (D:5)
  A quokka skeleton (D:7)
  7 rats
  A fungus (D:7)
260 creatures vanquished.

Vanquished Creatures (others)
  An orc knight (D:8)
  A slave (D:5)
  A giant frog skeleton (D:5)
  A goblin (D:4)
  A rat (D:2)
  3 fungi (D:7)
  2 plants (D:7)
10 creatures vanquished.

Grand Total: 270 creatures vanquished

Notes
Turn   | Place    | Note
--------------------------------------------------------------
     0 | D:1      | Metae the Minotaur Fighter began the quest for the Orb.
     0 | D:1      | Reached XP level 1. HP: 19/19 MP: 0/0
   158 | D:1      | Reached XP level 2. HP: 26/27 MP: 1/1
   369 | D:1      | Reached XP level 3. HP: 33/33 MP: 2/2
   603 | D:1      | Reached skill level 1 in Dodging
   959 | D:2      | Found a basalt altar of Yredelemnul.
   997 | D:2      | Noticed a profane servitor
  1010 | D:2      | Found a glowing golden altar of the Shining One.
  1013 | D:2      | Noticed an angel
  1018 | D:2      | Became a worshipper of the Shining One
  1081 | D:2      | Reached skill level 1 in Stealth
  1148 | D:2      | Found a sacrificial altar of Ru.
  1148 | D:2      | Found a radiant altar of Vehumet.
  1428 | D:2      | Reached XP level 4. HP: 40/40 MP: 3/3
  1931 | D:3      | Found an opulent altar of Gozag.
  2106 | D:3      | Reached XP level 5. HP: 47/47 MP: 1/4
  2485 | D:4      | Noticed an ogre
  2493 | D:4      | Killed an ogre
  2493 | D:4      | Reached skill level 5 in Shields
  2535 | D:4      | Found Waemuibb's General Store.
  2562 | D:4      | Found Kioseju's Gadget Emporium.
  2625 | D:4      | Noticed a phantom
  2659 | D:4      | Killed a phantom
  2659 | D:4      | Reached skill level 5 in Fighting
  2659 | D:4      | Reached skill level 5 in Armour
  2659 | D:4      | Reached XP level 6. HP: 48/56 MP: 1/5
  2680 | D:4      | Bought a wand of disintegration (13/24) for 170 gold pieces
  2849 | D:4      | Reached * piety under the Shining One
  2850 | D:4      | Noticed Robin
  2867 | D:4      | Killed Robin
  3153 | D:4      | Found Dorrunaf's Jewellery Shoppe.
  3174 | D:4      | Reached skill level 1 in Evocations
  3174 | D:4      | Reached XP level 7. HP: 52/61 MP: 2/6
  3176 | D:4      | Found Dituqury's Book Shoppe.
  3425 | D:5      | Entered Level 5 of the Dungeon
  3543 | D:5      | Noticed Pikel
  3559 | D:5      | Killed Pikel
  3559 | D:5      | Reached skill level 1 in Invocations
  3559 | D:5      | Reached XP level 8. HP: 47/70 MP: 2/8
  3963 | D:5      | Reached ** piety under the Shining One
  4081 | D:5      | Noticed Crazy Yiuf
  4086 | D:5      | Killed Crazy Yiuf
  4407 | D:6      | Noticed Eustachio
  4418 | D:6      | Killed Eustachio
  4517 | D:6      | Reached XP level 9. HP: 56/78 MP: 6/9
  4666 | D:6      | Found a snail-covered altar of Cheibriados.
  4722 | D:6      | Found a staircase to the Ecumenical Temple.
  5305 | D:7      | Found a blossoming altar of Fedhas.
  5365 | D:7      | Found a stormy altar of Qazlal.
  5368 | D:7      | Found a glowing silver altar of Zin.
  5368 | D:7      | Found an iron altar of Okawaru.
  5573 | D:7      | Reached *** piety under the Shining One
  5588 | D:7      | Reached skill level 5 in Polearms
  5969 | D:8      | Reached XP level 10. HP: 87/87 MP: 1/11
  6020 | D:8      | Reached skill level 5 in Dodging
  6582 | D:8      | Noticed an orc knight
  6596 | D:8      | Noticed an orc knight
  6636 | D:8      | Killed an orc knight
  6640 | D:8      | Noticed a hill giant
  6663 | D:8      | Slain by a hill giant

Skill      XL: |  1  2  3  4  5  6  7  8  9 10 |
---------------+-------------------------------+-----
Shields        | 4 5 6 7 8 9 |  9.5
Dodging        | 1 2 3 4 5 |  5.5
Fighting       | 4 5 6 7 8 |  8.9
Armour         | 4 5 6 7 8 9 |  9.1
Stealth        | 1 2 3 4 |  4.6
Polearms       | 3 4 5 6 |  6.0
Evocations     | 1 2 3 4 |  4.2
Invocations    | 1 2 3 4 |  4.2

Action                   |  1- 3 |  4- 6 |  7- 9 | 10-12 || total
-------------------------+-------+-------+-------+-------++-------
Melee: Trident           |   115 |   177 |   365 |   182 ||   839
       Headbutt          |    17 |    32 |    68 |    38 ||   155
Invok: Divine Shield     |       |       |     2 |     1 ||     3
Evoke: Wand              |       |       |     3 |     1 ||     4
  Use: Scroll            |       |     3 |     7 |     1 ||    11
       Potion            |       |       |       |     1 ||     1
  Eat: Chunk             |     1 |     1 |     2 |     1 ||     5
       Bread ration      |     1 |       |     1 |       ||     2
       Fruit             |       |     1 |       |       ||     1
       Meat ration       |       |       |     1 |       ||     1
Armor: Scale mail        |    47 |     4 |       |       ||    51
       Chain mail        |       |    82 |    99 |    34 ||   215
Dodge: Dodged            |    33 |    50 |    53 |    29 ||   165
Block: Shield            |    63 |   115 |   220 |   119 ||   517
       Reflection        |       |     4 |     5 |     1 ||    10
